 Dungeon Crawl Stone Soup version 0.18.1-6-gd335043 (webtiles) character file.

16475 Armakuni the Fighter (level 12, -10/94 HPs)
             Began as a Human Wanderer on May 17, 2016.
             Was a Believer of the Shining One.
             Killed from afar by a salamander mystic (22 damage)
             ... with a bolt of magma
             ... in a volcano.
             The game lasted 00:50:51 (12949 turns).

Armakuni the Fighter (Human Wanderer)              Turns: 12949, Time: 00:50:52

Health: -10/94     AC:  8    Str: 18    XL:     12   Next: 70%
Magic:  15/16      EV: 25    Int: 12    God:    the Shining One [**....]
Gold:   330        SH:  8    Dex: 23    Spells: 1 memorised, 12 levels left

rFire  + . .     SeeInvis .     b - +2 hand crossbow
rCold  + + .     Gourm    .     o - +1 leather armour {rPois}
rNeg   + . .     Faith    .     (no shield)
rPois  +         Spirit   .     H - +2 helmet
rElec  +         Dismiss  .     w - +0 cloak
rCorr  +         Reflect  .     (no gloves)
SustAt .         Harm     .     (no boots)
MR     .....                    R - amulet of rage
Stlth  +.........               D - +5 ring of dexterity
                                J - ring of protection from cold

@: agile, divine shield, about to teleport, resistant, glowing, not resistant to
hostile enchantments, very unstealthy
A: no striking features
a: Divine Shield, Renounce Religion, Evoke Berserk Rage


You were in a volcano.
You worshipped the Shining One.
The Shining One was pleased with you.
You were not hungry.

You visited 2 branches of the dungeon, and saw 11 of its levels.
You also visited: Volcano.

You collected 603 gold pieces.
You spent 273 gold pieces at shops.

Inventory:

Hand Weapons
 a - a +2 long sword of electrocution
 b - a +2 hand crossbow (weapon)
 n - a +3 scimitar of flaming
 s - a +0 lajatang
Missiles
 m - 11 bolts (quivered)
Armour
 o - a +1 leather armour of poison resistance (worn)
 w - a +0 cloak (worn)
 H - a +2 helmet (worn)
Jewellery
 D - a +5 ring of dexterity (right hand)
 J - a ring of protection from cold (left hand)
 R - an amulet of rage (around neck)
Wands
 d - a wand of lightning (0/15)
 r - a wand of iceblast (0/15)
 v - a wand of digging (4/24)
Scrolls
 c - 2 scrolls of fog
 h - 3 scrolls of teleportation
 q - 2 scrolls of recharging
 t - 2 scrolls of enchant armour
 x - a scroll of amnesia
 z - 2 scrolls of blinking
 A - 2 scrolls of identify
Potions
 e - 5 potions of curing
 g - a potion of cancellation
 i - a potion of might
 k - 3 potions of lignification
 l - 5 potions of brilliance
 B - 2 potions of magic
 G - a potion of mutation
 X - a potion of cure mutation
Books
 j - a book of Annihilations

   Spells                             Type                      Level
   a - Poison Arrow                   Conjuration/Poison           6
   b - Chain Lightning                Conjuration/Air              8
   c - Lehudib's Crystal Spear        Conjuration/Earth            8
   d - Glaciate                       Conjuration/Ice              9
   e - Fire Storm                     Conjuration/Fire             9
 F - a book of Maledictions

   Spells                             Type                      Level
   a - Corona                         Hexes                        1
   b - Ensorcelled Hibernation        Hexes/Ice                    2
   c - Confuse                        Hexes                        3
   d - Tukima's Dance                 Hexes                        3
   e - Dazzling Spray                 Conjuration/Hexes            3
Comestibles
 f - 2 bread rations
 u - 6 meat rations


   Skills:
 - Level 8.8 Fighting
 + Level 7.2 Long Blades
 - Level 8.4 Staves
 - Level 8.5 Crossbows
 - Level 3.8 Armour
 - Level 8.3 Dodging
 - Level 1.0 Stealth
 - Level 1.0 Spellcasting
   Level 1.0 Ice Magic
   Level 1.0 Air Magic
 - Level 4.0 Invocations
 - Level 6.1 Evocations


You had 12 spell levels left.
You knew the following spells:

 Your Spells              Type           Power        Failure   Level  Hunger
p - Summon Butterflies    Summ           #.......     38%         1    ##.....


Dungeon Overview and Level Annotations

Branches:
Dungeon (8/15)             Temple (0/1) D:7            Lair (3/8) D:8
  Swamp (0/4) Lair:3
  Snake: Lair:3-6    Spider: Lair:3-6

Altars:
Cheibriados
Dithmenos
Fedhas
Makhleb
Nemelex Xobeh
Pakellas
Sif Muna
Trog
Vehumet
Xom
The Shining One

Shops:
D:7 !

Annotations:
D:5 exclusion: statue
Lair:1 exclusion: oklob plant


Message History

You shoot a bolt. The bolt hits the salamander!
The salamander is lightly wounded.
The salamander mystic points at you and mumbles some strange words.
The bolt of magma hits the salamander.
The salamander partially resists.
The bolt of magma hits you! You partially resist.
* * * LOW HITPOINT WARNING * * *
The salamander completely misses you.
Drink which item? (? for menu, Esc to quit)
Okay, then.
Unknown command.
Read which item? (? for menu, Esc to quit)
Okay, then.
Unknown command.
Read which item? (? for menu, Esc to quit)
As you read the scroll of teleportation, it crumbles to dust.
You feel strangely unstable. You block the salamander's attack.
The salamander mystic points at you and mumbles some strange words.
The bolt of magma hits the salamander.
The salamander partially resists.
The bolt of magma hits you! You partially resist.
You die...

***,,*** *,,,,,,* *,,,,,,*
###* *,,,,,,* *****#..###*
***,,*+* ****,,,,......#*
#####*,# *,,,,≈≈≈≈§.....###
##...#*.###
,,,,≈≈≈≈≈≈§.....8###....#..8.#
,,≈≈≈≈≈≈≈≈≈≈....@.NN..∩.'.._.#
≈≈≈≈≈≈≈≈≈≈≈≈....8###....#..8.#
≈≈≈≈≈≈≈≈§≈≈≈≈...## ##.(.#*.###
≈≈≈≈≈≈≈≈≈≈≈≈§...### #####*,#
≈≈≈≈≈≈≈≈≈§≈≈≈≈....##***,,*+*
≈≈≈≈≈≈≈≈§≈§§≈≈≈....#*,,,,,,*
≈≈≈≈≈≈§§≈§§≈§§§≈...#*,,,,,,*
≈≈≈≈≈≈§§≈≈≈≈§≈≈≈...#*,,,,,,*
≈≈§§≈§≈≈§≈§§§≈≈....##,*,,***


You could see a salamander mystic and a salamander.

Vanquished Creatures
  2 hydras
  A queen ant (Lair:2)
  Erica (Lair:2)
  Nergalle (Lair:3)
  A salamander (Volcano)
  A black mamba (Lair:1)
  3 spiny frogs
  2 komodo dragons
  4 blink frogs (Lair:2)
  The ghost of barbarian the Ruffian, an amateur VSMo of Cheibriados (D:7)
  Sigmund (D:4)
  16 yaks
  3 hippogriffs
  3 fire bats (Volcano)
  3 hungry ghosts
  The ghost of no0bjke the Skirmisher, an amateur GrBe of Trog (D:4)
  11 soldier ants (Lair:2)
  8 water moccasins
  4 porcupines
  An ice beast (D:7)
  A wasp (D:7)
  2 orc warriors (D:7)
  An ogre (D:6)
  A phantom (D:6)
  5 wolves (Lair:1)
  6 centaurs
  3 crocodiles
  2 big kobolds (D:7)
  7 giant frogs
  A gnoll sergeant (D:7)
  2 howler monkeys
  An electric eel (Lair:2)
  A crimson imp (D:6)
  4 lava snakes (Volcano)
  An orc priest (D:7)
  2 hounds (D:7)
  7 jellies (Lair:1)
  2 gnoll shamans (D:7)
  Crazy Yiuf (D:4)
  6 orc wizards
  A centaur skeleton (D:4)
  6 iguanas
  18 worker ants
  7 sheep (Lair:1)
  A worker ant zombie (D:6)
  15 gnolls
  A howler monkey skeleton (D:6)
  8 adders
  11 oozes (Lair:1)
  2 dart slugs
  3 giant geckos
  25 orcs
  6 giant cockroaches
  18 hobgoblins
  5 jackals
  3 quokkas
  3 bats
  A giant gecko zombie (D:5)
  7 giant newts
  7 goblins
  A jackal skeleton (D:7)
  16 kobolds
  A quokka skeleton (D:4)
  A quokka zombie (D:6)
  7 rats
  A fungus (D:4)
  A plant (D:7)
300 creatures vanquished.

Vanquished Creatures (others)
  An ogre (D:5)
  12 fungi
  6 plants
19 creatures vanquished.

Grand Total: 319 creatures vanquished

Notes
Turn   | Place    | Note
--------------------------------------------------------------
     0 | D:1      | Armakuni the Human Wanderer began the quest for the Orb.
     0 | D:1      | Armakuni set off with: a +2 hand crossbow, 29 bolts, Vezism's Incunabulum of the Escort, a +0 ring mail, a bread ration
     0 | D:1      | Reached XP level 1. HP: 16/16 MP: 2/2
     0 | D:1      | Identified Vezism's Incunabulum of the Escort
     2 | D:1      | Learned a level 1 spell: Summon Butterflies
    68 | D:1      | Reached XP level 2. HP: 23/23 MP: 3/3
   232 | D:1      | Reached skill level 1 in Dodging
   642 | D:2      | Reached XP level 3. HP: 28/28 MP: 4/4
   788 | D:2      | Found a sparkling altar of Nemelex Xobeh.
   856 | D:2      | Found a shimmering altar of Xom.
   936 | D:2      | Found a shadowy altar of Dithmenos.
  1022 | D:2      | Reached XP level 4. HP: 32/35 MP: 5/5
  1039 | D:2      | Found a blossoming altar of Fedhas.
  1552 | D:3      | Reached XP level 5. HP: 39/41 MP: 6/6
  1927 | D:4      | Noticed no0bjke's ghost (amateur GrBe)
  1936 | D:4      | Killed no0bjke's ghost
  1936 | D:4      | Reached XP level 6. HP: 44/48 MP: 7/7
  2179 | D:4      | Noticed Sigmund
  2263 | D:4      | Killed Sigmund
  2263 | D:4      | Reached XP level 7. HP: 51/54 MP: 8/8
  2358 | D:4      | Noticed Crazy Yiuf
  2376 | D:4      | Killed Crazy Yiuf
  3041 | D:5      | Entered Level 5 of the Dungeon
  3054 | D:5      | Found a deep blue altar of Sif Muna.
  3223 | D:5      | Found a shimmering altar of Xom.
  3272 | D:5      | Reached skill level 1 in Staves
  3318 | D:5      | Got a polished falchion
  3319 | D:5      | Identified the +6 falchion "Ultimatum" {slice, *Corrode rN+ MR+ Str+2} (You found it on level 5 of the Dungeon)
  3455 | D:5      | Found a bloodstained altar of Trog.
  3504 | D:5      | Reached XP level 8. HP: 61/61 MP: 9/9
  3748 | D:5      | Found a radiant altar of Vehumet.
  4203 | D:6      | Found a sparkling altar of Nemelex Xobeh.
  4258 | D:6      | Found an oddly glowing altar of Pakellas.
  4278 | D:6      | Found a snail-covered altar of Cheibriados.
  4622 | D:6      | Found a glowing golden altar of the Shining One.
  4646 | D:6      | Became a worshipper of the Shining One
  4849 | D:6      | Reached skill level 5 in Fighting
  5038 | D:7      | Reached XP level 9. HP: 66/68 MP: 10/10
  5082 | D:7      | Reached skill level 5 in Crossbows
  5082 | D:7      | Reached skill level 5 in Dodging
  5188 | D:7      | Reached skill level 5 in Staves
  5243 | D:7      | Noticed barbarian's ghost (amateur VSMo)
  5249 | D:7      | Killed barbarian's ghost
  5249 | D:7      | Reached * piety under the Shining One
  5353 | D:7      | Found a burning altar of Makhleb.
  5441 | D:7      | Found a staircase to the Ecumenical Temple.
  5459 | D:7      | Found Fidd's Distillery.
  5462 | D:7      | Bought a potion of heal wounds for 65 gold pieces
  5462 | D:7      | Bought a potion of agility for 52 gold pieces
  5462 | D:7      | Bought a potion of curing for 39 gold pieces
  5462 | D:7      | Bought a potion of curing for 39 gold pieces
  5462 | D:7      | Bought a potion of curing for 39 gold pieces
  5462 | D:7      | Bought a potion of curing for 39 gold pieces
  5984 | D:7      | Reached XP level 10. HP: 58/77 MP: 11/11
  6744 | D:8      | Found a staircase to the Lair.
  6770 | Lair:1   | Entered Level 1 of the Lair of Beasts
  7219 | Lair:1   | Reached skill level 5 in Evocations
  7435 | Lair:1   | Reached ** piety under the Shining One
  7622 | Lair:1   | Noticed a spiny frog
  7629 | Lair:1   | Killed a spiny frog
  7802 | Lair:1   | Reached XP level 11. HP: 84/84 MP: 15/15
  7924 | Lair:1   | Noticed an oklob plant
  8812 | Lair:1   | HP: 2/84 [yak (16)]
  9244 | Lair:1   | Noticed a seven-headed hydra
  9251 | Lair:1   | Killed a seven-headed hydra
  9730 | Lair:2   | Noticed Erica
  9740 | Lair:2   | Killed Erica
 10299 | Lair:2   | Reached XP level 12. HP: 17/94 MP: 16/16
 10679 | Lair:2   | Noticed a queen ant
 10720 | Lair:2   | Killed a queen ant
 11074 | Lair:2   | Reached skill level 1 in Long Blades
 11978 | Lair:3   | Noticed Nergalle
 11984 | Lair:3   | Noticed a seven-headed hydra
 12017 | Lair:3   | Killed Nergalle
 12022 | Lair:3   | Killed a three-headed hydra
 12022 | Lair:3   | Reached skill level 5 in Long Blades
 12292 | Lair:3   | Found a staircase to the Swamp.
 12502 | Lair:3   | Found a dark tunnel.
 12506 | Volcano  | Entered a volcano
 12924 | Volcano  | Found a radiant altar of Vehumet.
 12924 | Volcano  | Noticed a salamander mystic
 12949 | Volcano  | Killed from afar by a salamander mystic

Skill      XL: |  1  2  3  4  5  6  7  8  9 10 11 12 |
---------------+-------------------------------------+-----
Dodging        | 1 2 3 4 6 8 |  8.3
Fighting       | 3 4 5 6 7 8 |  8.8
Armour         | 2 3 |  3.8
Crossbows      | 3 4 6 8 |  8.5
Staves         | 1 4 6 8 |  8.4
Evocations     | 6 |  6.1
Invocations    | 4 |  4.0
Long Blades    | 7 |  7.2
Stealth        | |  1.0
Spellcasting   | |  1.0
Ice Magic      | |  1.0
Air Magic      | |  1.0

Action                   |  1- 3 |  4- 6 |  7- 9 | 10-12 || total
-------------------------+-------+-------+-------+-------++-------
Melee: Unarmed           |    19 |       |       |       ||    19
       Spear             |    34 |     6 |       |       ||    40
       War axe           |       |    14 |       |       ||    14
       Short sword       |       |    74 |   114 |       ||   188
       Lajatang          |       |       |   107 |   361 ||   468
       Long sword        |       |       |       |    36 ||    36
       Scimitar          |       |       |       |     4 ||     4
 Fire: Hand crossbow     |    43 |    48 |   139 |   182 ||   412
Invok: Divine Shield     |       |       |       |     7 ||     7
 Abil: Evoke Berserk Rag |       |       |     2 |     6 ||     8
Evoke: Wand              |       |     3 |     2 |    14 ||    19
  Use: Scroll            |     2 |     3 |    14 |     8 ||    27
       Potion            |       |       |     1 |    12 ||    13
 Stab: Sleeping          |     2 |       |     1 |       ||     3
       Distracted        |       |     1 |       |       ||     1
       Confused          |       |       |     1 |       ||     1
  Eat: Chunk             |       |     4 |    15 |    15 ||    34
       Pizza             |       |       |     1 |     2 ||     3
       Bread ration      |       |       |       |     3 ||     3
       Beef jerky        |       |       |       |     1 ||     1
Armor: Ring mail         |    28 |    43 |       |       ||    71
       Leather armour    |       |     4 |    58 |    72 ||   134
       Skin              |       |       |       |    32 ||    32
Dodge: Dodged            |    33 |    65 |   189 |   327 ||   614
Block: Other             |       |       |       |    25 ||    25
